 Dungeon Crawl Stone Soup version 0.30-a0-1124-g6e8f0f562f (webtiles) character file.

Game seed: 4443998873452618300

211 Arzdou the Chopper (level 5, 0/47 HPs)
             Began as a Minotaur Fighter on Apr 23, 2023.
             Slain by a gnoll
             ... wielding a +0 spear
              (2 damage)
             ... on level 5 of the Dungeon.
             The game lasted 00:02:52 (2129 turns).

Arzdou the Chopper (Minotaur Fighter)               Turns: 2129, Time: 00:02:54

Health: 0/47       AC: 13    Str: 23    XL:     5   Next: 57%
Magic:  4/4        EV:  8    Int:  8    God:
Gold:   174        SH:  4    Dex:  9    Spells: 4/4 levels left

rFire   . . .        a - +0 war axe
rCold   . . .        c - +0 buckler
rNeg    . . .        o - +2 chain mail of Kucw {Int+3}
rPois   .            k - +1 hat
rElec   .            j - +0 cloak
rCorr   .            (no gloves)
SInv    .            (no boots)
Will    .....        (no amulet) Stlth
                     (no ring)
HPRegen 0.27/turn    (no ring)
MPRegen 0.09/turn

%: no passive effects
@: flying
A: horns 2, retaliatory headbutt
a: no special abilities


You were on level 5 of the Dungeon.
You visited 1 branch of the dungeon, and saw 5 of its levels.

You collected 174 gold pieces.

Inventory:

Hand Weapons
 a - a +0 war axe (weapon)
Armour
 b - a +0 scale mail
 c - a +0 buckler (worn)
 j - a +0 cloak (worn)
 k - a +1 hat (worn)
 o - the +2 chain mail of Kucw (worn) {Int+3}
   (You found it on level 2 of the Dungeon)

   Int:       It affects your intelligence (+3).
Wands
 r - a wand of digging (6)
Scrolls
 f - a scroll of identify {unknown}
 g - 3 scrolls of teleportation {unknown}
 l - a scroll of poison {unknown}
 m - a scroll of vulnerability {unknown}
 q - a scroll of brand weapon {unknown}
 s - a scroll of amnesia {unknown}
 t - a scroll of enchant weapon {unknown}
Potions
 d - a potion of might
 e - a potion of invisibility {unknown}
 h - 2 potions of flight
 i - a potion of lignification {unknown}
 n - 2 potions of heal wounds {unknown}
 p - a potion of brilliance {unknown}


   Skills:
 + Level 4.3 Fighting
 + Level 5.5 Axes
 + Level 4.4 Armour
 + Level 1.0 Dodging
 + Level 0.2 Stealth
 + Level 4.2 Shields


You had 4 spell levels left.
You didn't know any spells.
Your spell library contained the following spells:

 Spells                   Type           Power      Damage    Failure   Level
 Sandblast                Erth           0%         2d4       97%         1
 Passwall                 Tmut/Erth      0%         N/A       99%         2
 Stone Arrow              Conj/Erth      0%         3d7       100%        3
 Vhi's Electric Charge    Tloc/Air       0%         N/A       100%        3
 Arcjolt                  Conj/Air       0%         1d10      100%        5
 Maxwell's Capacitive Co  Air            0%         ∞         100%        8


Dungeon Overview and Level Annotations

Branches:
Dungeon (6/15)
 Temple: D:4-7

Altars:

Annotations:
D:5 Prince Ribbit


Innate Abilities, Weirdness & Mutations

You have a pair of horns on your head.
You reflexively headbutt those who attack you in melee.


Message History

You hit the gnoll.
You kill the gnoll!
The gnoll hits you from afar with a +0 spear.
The gnoll closely misses you. You furiously retaliate!
You headbutt the gnoll. You hit the gnoll. Your headbutt misses the gnoll.
The gnoll is severely wounded.
The gnoll hits you from afar with a +0 spear.
You block the gnoll's attack.
You barely miss the gnoll. You headbutt the gnoll.
You kill the gnoll!
You completely miss Prince Ribbit.
Prince Ribbit hits you but does no damage.
The gnoll closely misses you.
Prince Ribbit hits you but does no damage.
Unknown command.
You slash Prince Ribbit!
Prince Ribbit is moderately wounded.
Prince Ribbit hits you! The gnoll hits you but does no damage.
Prince Ribbit closely misses you. You furiously retaliate!
You headbutt Prince Ribbit. The gnoll barely misses you.
You miss Prince Ribbit.
Prince Ribbit is heavily wounded.
You block Prince Ribbit's attack. The gnoll hits you but does no damage.
Prince Ribbit hits you!
* * * LOW HITPOINT WARNING * * *
Unknown command.
It was a potion of flight.
You feel very buoyant.
You fly up into the air.
Prince Ribbit barely misses you.
The gnoll hits you from afar with a +0 spear.
* * * LOW HITPOINT WARNING * * *
Prince Ribbit attacks as you move away!
Prince Ribbit hits you but does no damage.
You miss Prince Ribbit. You headbutt Prince Ribbit!
Prince Ribbit is severely wounded.
You block Prince Ribbit's attack.
Prince Ribbit lets out a mournful croak.
Prince Ribbit blinks!
The gnoll hits you from afar with a +0 spear.
You die...

#. .# #.#.## #. .
#####...)# #.##.
.......#.. ....
<........# #..#
#####.#.## #####F.#
#.#.# #....)g#
#.#.# #§# ### #.#(#
#@# #.. #.# #.# #.#
#.# #.#
#.#########.#
#.###...........#
#............####
#######.........#.#
........#######.#.#
######### #.#.#
#....


You could see Prince Ribbit and a gnoll.

Vanquished Creatures
  A kobold brigand (D:6)
  An iguana (D:6)
  Ijyb (D:5)
  2 adders
  3 gnolls (D:5)
  4 ball pythons
  2 endoplasms
  3 giant cockroaches (D:1)
  4 goblins (D:2)
  4 hobgoblins
  2 jackals (D:1)
  5 kobolds
  5 quokkas
  4 bats (D:2)
  A frilled lizard (D:1)
  5 rats
47 creatures vanquished.

Vanquished Creatures (others)
  A fungus (D:1)
1 creature vanquished.

Grand Total: 48 creatures vanquished

Notes
Turn   | Place    | Note
-------+----------+-------------------------------------------
     0 | D:1      | Arzdou the Minotaur Fighter began the quest for the Orb.
     0 | D:1      | Reached XP level 1. HP: 19/19 MP: 0/0
   179 | D:1      | Reached XP level 2. HP: 27/27 MP: 1/1
  1019 | D:2      | Reached skill level 3 in Axes
  1019 | D:2      | Reached XP level 3. HP: 22/33 MP: 2/2
  1360 | D:2      | Identified the +2 chain mail of Kucw {Int+3}
  1921 | D:3      | You fall into a shaft and drop 3 floors!
  1929 | D:6      | Reached skill level 4 in Axes
  1929 | D:6      | Reached XP level 4. HP: 40/40 MP: 3/3
  1976 | D:6      | Noticed a kobold brigand
  1985 | D:6      | Killed a kobold brigand
  1986 | D:6      | Reached XP level 5. HP: 25/47 MP: 4/4
  2064 | D:5      | Entered Level 5 of the Dungeon
  2065 | D:5      | Noticed Ijyb
  2069 | D:5      | Killed Ijyb
  2070 | D:5      | Reached skill level 5 in Axes
  2070 | D:5      | Reached skill level 1 in Dodging
  2113 | D:5      | Noticed Prince Ribbit
  2127 | D:5      | HP: 1/47 [gnoll/+0 spear (2)]
  2129 | D:5      | Slain by a gnoll

Illustrated notes

Levels and vault maps discovered:
D:1:      dpeg_arrival_prison, layout_basic, minmay_misc_feat_tiny, minivault_14
D:2:      layout_basic
D:3:      layout_loops_cross, serial_shops, nicolae_shop_tiny_real_fake_doors,
          uniq_natasha
D:5:      layout_loops_ring, lemuel_crystal_altar, gup_sewer_entry_glass,
          uniq_grinder, uniq_ijyb, uniq_menkaure, uniq_prince_ribbit1
D:6:      layout_basic, nicolae_nh_ransacked_shop

Skill      XL: |  1  2  3  4  5 |
---------------+----------------+-----
Shields        | 4 |  4.2
Fighting       | 4 |  4.3
Axes           | 3 4 5 |  5.5
Armour         | 4 |  4.4
Dodging        | 1 |  1.0
Stealth        | |  0.2

Action                     |  1- 3 |  4- 6 || total
---------------------------+-------+-------++-------
  Melee: War axe           |    93 |    26 ||   119
         Headbutt          |     9 |     8 ||    17
    Use: Potion            |       |     1 ||     1
 Armour: Scale mail        |    39 |       ||    39
         Chain mail        |    15 |    14 ||    29
  Dodge: Dodged            |    43 |    16 ||    59
  Block: Buckler           |    13 |     9 ||    22

Table legend: (Time is in decaauts)
 A = Elapsed time spent in this place.
 B = Non-inter-level travel time spent in this place.
 C = Inter-level travel time spent in this place.
 D = Time resting spent in this place.
 E = Time spent auto-exploring this place.
 F = Levels seen in this place.
 G = Mean time per level.
                   A        B        C        D        E       F      G
               +--------+--------+--------+--------+--------+-----+--------+
         Total |   2178 |   2081 |     97 |     40 |   1669 |   5 |  435.6 |
       Dungeon |   2178 |   2081 |     97 |     40 |   1669 |   5 |  435.6 |
               +--------+--------+--------+--------+--------+-----+--------+

Top non-repeatable levels by time:
     D:1: 973 daAuts
     D:2: 922 daAuts
     D:6: 151 daAuts
     D:5: 70 daAuts
     D:3: 60 daAuts
